 Dungeon Crawl Stone Soup version 0.29-a0-732-g3d7fbe0af2 (webtiles) character file.

Game seed: 1359969079903591217

7 gobodom the Trooper (level 1, 0/18 HPs)
             Began as a Demonspawn Fighter on June 29, 2022.
             Slain by a quokka (1 damage)
             ... on level 1 of the Dungeon.
             The game lasted 00:00:47 (121 turns).

gobodom the Trooper (Demonspawn Fighter)             Turns: 121, Time: 00:00:47

Health: 0/18       AC:  6    Str: 16    XL:     1   Next: 91%
Magic:  1/1        EV:  8    Int:  9    God:
Gold:   25         SH:  4    Dex: 12    Spells: 0/0 levels left

rFire   . . .      SeeInvis .   a - +0 war axe
rCold   . . .      Faith    .   c - +0 buckler
rNeg    . . .      Spirit   .   b - +0 scale mail
rPois   .          Reflect  .   (no helmet)
rElec   .          Harm     .   (no cloak)
rCorr   .          Rampage  .   (no gloves)
Will    .....                   (no boots)
Stlth   ..........              (no amulet)
HPRegen 0.06/turn               (no ring)
MPRegen 0.07/turn               (no ring)

@: mighty
A: no striking features
a: no special abilities


You were on level 1 of the Dungeon.
You visited 1 branch of the dungeon, and saw 1 of its levels.

You collected 25 gold pieces.

Inventory:

Hand Weapons
 a - a +0 war axe (weapon)
Armour
 b - a +0 scale mail (worn)
 c - a +0 buckler (worn)
Scrolls
 e - a scroll of vulnerability {unknown}
Potions
 f - a potion of attraction {unknown}


   Skills:
 + Level 3.2 Fighting
 + Level 1.8 Axes
 + Level 2.8 Armour
 + Level 2.8 Shields


You couldn't memorise any spells.
You didn't know any spells.
Your spell library contained the following spells:

 Spells                   Type           Power      Damage    Failure   Level
 Static Discharge         Conj/Air       0%         N/A       96%         2
 Dispel Undead            Necr           0%         3d6       100%        4
 Sticky Flame             Conj/Fire      0%         2d3       100%        4


Dungeon Overview and Level Annotations

Branches:
Dungeon (1/15)

Altars:


Message History

The quokka attacks as you move away! The quokka barely misses you.
The endoplasm attacks as you move away! The endoplasm hits you.
You barely miss the endoplasm.
The endoplasm is heavily wounded.
You completely miss the quokka. The endoplasm closely misses you.
You block the quokka's attack. The endoplasm freezes you.
You are frozen.
* * * LOW HITPOINT WARNING * * *
The quokka bites you but does no damage.
You barely miss the endoplasm.
The endoplasm is moderately wounded.
You hit the quokka. You closely miss the goblin.
The endoplasm hits you but does no damage.
The goblin barely misses you. You block the quokka's attack.
You hit the endoplasm.
You kill the endoplasm!
You closely miss the quokka. You slash the goblin!
You kill the goblin!
The quokka barely misses you. You block the quokka's attack.
You closely miss the kobold. You hit the quokka. You block the quokka's attack.
The kobold barely misses you.
The quokka bites you but does no damage.
You closely miss the kobold. You barely miss the quokka.
The kobold hits you with a +0 short sword.
* * * LOW HITPOINT WARNING * * *
The quokka barely misses you. The kobold hits you but does no damage.
You hit the kobold.
The kobold is severely wounded.
You barely miss the quokka. You block the quokka's attack.
The quokka bites you.
* * * LOW HITPOINT WARNING * * *
The kobold hits you but does no damage.
You feel very mighty all of a sudden. You block the quokka's attack.
The kobold barely misses you.
You slash the kobold!
You kill the kobold!
You closely miss the quokka. The quokka barely misses you.
The quokka bites you.
You die...

#....# ...... ...#######
#....##...... .........
##....##..... .$.......
##..........## ###........
#............# #..........
#............###..........
#.........................
#...###......r...####.....
#..>........@)...####.....
#............)............
#.........######........K.
#[........###........... .
#####......##...........
#..........##......^....
#.......................
#.......................
#.......................


You could see a quokka.

Vanquished Creatures
  2 endoplasms (D:1)
  A goblin (D:1)
  2 hobgoblins (D:1)
  A kobold (D:1)
  A ball python (D:1)
7 creatures vanquished.

Notes
Turn   | Place    | Note
-------+----------+-------------------------------------------
     0 | D:1      | gobodom the Demonspawn Fighter began the quest for the Orb.
     0 | D:1      | Reached XP level 1. HP: 18/18 MP: 1/1
   121 | D:1      | Slain by a quokka

Illustrated notes

Levels and vault maps discovered:
D:1:      dpeg_arrival_erosion, layout_basic,
          hellmonk_ecumenical_altar_pennies_from_heaven

Action                   || total
-------------------------++-------
Melee: War axe           ||    15
  Use: Potion            ||     1
Armor: Scale mail        ||     7
Dodge: Dodged            ||    10
Block: Buckler           ||     8

Table legend: (Time is in decaauts)
 A = Elapsed time spent in this place.
 B = Non-inter-level travel time spent in this place.
 C = Inter-level travel time spent in this place.
 D = Time resting spent in this place.
 E = Time spent auto-exploring this place.
 F = Levels seen in this place.
 G = Mean time per level.
                   A        B        C        D        E       F      G
               +--------+--------+--------+--------+--------+-----+--------+
         Total |    127 |    127 |      0 |      0 |     76 |   1 |  127.0 |
       Dungeon |    127 |    127 |      0 |      0 |     76 |   1 |  127.0 |
               +--------+--------+--------+--------+--------+-----+--------+

Top non-repeatable levels by time:
     D:1: 127 daAuts
